 Seeded DCSS version 0.28.0-62-gf88900778d (webtiles) character file.

Game seed: 13591998346360536447 (custom seed)

858 Psyclone the Destroyer (level 8, 48/50 HPs)
             Began as an Octopode Conjurer on Oct 23, 2023.
             Was an Initiate of Gozag.
             Quit the game on level 9 of the Dungeon.
             The game lasted 00:02:53 (1511 turns).

Psyclone the Destroyer (Octopode Conjurer)          Turns: 1511, Time: 00:02:54

Health: 48/50      AC: 10    Str:  7    XL:     8   Next: 2%
Magic:  6/20       EV: 13    Int: 28    God:    Gozag
Gold:   2887       SH:  5    Dex: 16    Spells: 8/11 levels left

rFire   + + +      SeeInvis +   c - +3 Elemental Staff {rElec rF++ rC++ AC+5}
rCold   + + +      Faith    .   (no shield)
rNeg    + . .      Spirit   .   d - -2 hat of the Alchemist {rElec rPois rF+ rC+ rN+ Will+ rMut rCorr}
rPois   +          Reflect  +   j - amulet of reflection
rElec   +          Harm     .   b - ring "Xiagas" {rElec rCorr MP+9 AC+4 Dex+4 SInv}
rCorr   +          Rampage  .   f - ring "Vyohe" {rC+ Int+6 Dex+2 SInv Stlth+}
rMut    +                       (no ring)
Will    +....                   (no ring)
Stlth   ++++......              (no ring)
HPRegen 0.16/turn               (no ring)
MPRegen 0.17/turn               (no ring)
                                (no ring)

@: no status effects
A: almost no armour, amphibious, 8 rings, camouflage 1, gelatinous body 1,
(nimble swimmer 1), tentacles, iridescent scales 1, robust 1, noise suppression
a: Renounce Religion, Potion Petition, Call Merchant, Bribe Branch


You were on level 9 of the Dungeon.
You worshipped Gozag.
Gozag was most pleased with you.
You visited 1 branch of the dungeon, and saw 9 of its levels.

You collected 2971 gold pieces.
You paid 84 gold pieces to Gozag.

Inventory:

Hand Weapons
 a - a +0 dagger
 c - the +3 Elemental Staff (weapon) {rElec rF++ rC++ AC+5}
   (You acquired it on level 2 of the Dungeon)

   If the wielder is skilled in Evocations, they can discharge powerful blasts
   of elemental energy when striking with it.
   It enhances your fire, ice, earth and air magic.
   AC:        It affects your AC (+5).
   rF:        It greatly protects you from fire.
   rC:        It greatly protects you from cold.
   rElec:     It insulates you from electricity.
Armour
 d - the -2 hat of the Alchemist (worn) {rElec rPois rF+ rC+ rN+ Will+ rMut rCorr}
   (You acquired it on level 2 of the Dungeon)

   rF:        It protects you from fire.
   rC:        It protects you from cold.
   rElec:     It insulates you from electricity.
   rPois:     It protects you from poison.
   rN:        It protects you from negative energy.
   rCorr:     It protects you from acid and corrosion.
   rMut:      It protects you from mutation.
   Will:      It increases your willpower.
Jewellery
 b - the ring "Xiagas" (left tentacle) {rElec rCorr MP+9 AC+4 Dex+4 SInv}
   (You acquired it on level 2 of the Dungeon)

   [ring of protection]

   AC:        It affects your AC (+4).
   Dex:       It affects your dexterity (+4).
   rElec:     It insulates you from electricity.
   MP:        It affects your magic capacity (+9).
   SInv:      It lets you see invisible.
   rCorr:     It protects you from acid and corrosion.
 f - the ring "Vyohe" (right tentacle) {rC+ Int+6 Dex+2 SInv Stlth+}
   (You acquired it on level 4 of the Dungeon)

   [ring of intelligence]

   Int:       It affects your intelligence (+6).
   Dex:       It affects your dexterity (+2).
   rC:        It protects you from cold.
   SInv:      It lets you see invisible.
   Stlth:     It makes you more stealthy.
 j - an amulet of reflection (around mantle)
Wands
 g - a wand of mindburst (17)
 i - a wand of flame (30)
 l - a wand of iceblast (5)
 s - a wand of charming (3)
Scrolls
 e - 3 scrolls of identify {unknown}
 m - a scroll of teleportation {unknown}
 p - a scroll of blinking {unknown}
 q - a scroll of acquirement
 t - a scroll of amnesia {unknown}
 u - a scroll of fog {unknown}
Potions
 h - a potion of ambrosia {unknown}
 k - a potion of curing {unknown}
 n - a potion of haste {unknown}
 o - 2 potions of brilliance {unknown}
 r - a potion of mutation


   Skills:
 - Level 2.0 Dodging
 - Level 2.6 Stealth
 - Level 2.0 Spellcasting
 + Level 9.7 Conjurations


You had 8 spell levels left.
You knew the following spells:

 Your Spells              Type           Power      Damage    Failure   Level
a - Magic Dart            Conj           100%       1d8       1%          1
b - Searing Ray           Conj           100%       2d8       1%          2

Your spell library contained the following spells:

 Spells                   Type           Power      Damage    Failure   Level
 Foxfire                  Conj/Fire      100%       2x1d9     1%          1
 Conjure Flame            Conj/Fire      45%        6-21      3%          3
 Dazzling Flash           Conj/Hex       60%        N/A       3%          3
 Flame Wave               Conj/Fire      45%        2d10      12%         4
 Fulminant Prism          Conj/Hex       15%        3d11      12%         4
 Iskenderun's Mystic Bla  Conj/Tloc      30%        2d8       12%         4
 Inner Flame              Hex/Fire       4%         N/A       26%         3


Dungeon Overview and Level Annotations

Branches:
Dungeon (9/15)
 Temple: D:4-7         Lair: D:8-11         Orc: D:9-12

Altars:
Gozag
Okawaru
Sif Muna
The Shining One

Annotations:
D:5 Menkaure


Innate Abilities, Weirdness & Mutations

You cannot wear most types of armour.
You are amphibious.
You can wear up to eight rings at the same time.
Your skin changes colour to match your surroundings (Stealth+).
Your rubbery body absorbs attacks. (AC +1, EV +1)
((You are camouflaged when in or above water. (Stealth+)))
You have tentacles for arms and can constrict up to eight enemies at once.
You are partially covered in iridescent scales. (AC +2)
You are robust. (+10% HP)
You passively dampen the noise of your surroundings.


Message History

You see here a fizzy yellow potion.
Casting: Searing Ray (safe; 1% risk of failure)
Confirm with . or Enter, or press ? or * to list all spells.
You can't see any susceptible monsters within range! (Use Z to cast anyway.) Unknown command.
Casting: Searing Ray (safe; 1% risk of failure)
Confirm with . or Enter, or press ? or * to list all spells.
Aiming: Magic Dart (safe; 1% risk of failure)
Press: ? - help, Shift-Dir - straight line, f - bullfrog
Aim: a bullfrog (asleep, 100% to hit)
The magic dart hits the bullfrog.
The bullfrog is moderately wounded. 3 yaks come into view.
Found the +8 storm bow {elec, penet}.
Casting: Magic Dart (safe; 1% risk of failure)
Confirm with . or Enter, or press ? or * to list all spells.
Aiming: Searing Ray (safe; 1% risk of failure)
Press: ? - help, Shift-Dir - straight line, f/p - bullfrog
Aim: a bullfrog (moderately wounded, 79% to hit)
The searing ray hits the bullfrog!
The bullfrog is severely wounded. (Press . to maintain the ray.)
The bullfrog hits you but does no damage.
The bullfrog hits you.
You take 5 damage, and have 40/45 hp.
You now have 6/19 mp.
The searing ray hits the bullfrog!
You kill the bullfrog!
You have reached level 8!
You regained 5 hp, and now have 45/50 hp.
You now have 5/20 mp.
You now have 4/20 mp.
You finish channelling your searing ray.
You now have 3/20 mp.
A yak comes into view.
A yak comes into view.
The yak bellows! x3; You hear a bellow!
You now have 2887 gold pieces (gained 4).
Unknown command.
Unknown command.
Are you sure you want to abandon this character and quit the game? (Confirm with "yes".)

..................####.....#...#
...................#.#.....##.##
#..........................# .#
#.......................#### ##
##......................#
.#....................###
.##..(.................#
#.#..................###
#.#.....>.......@......##
....###.................#
...####................##
..##........#..........#
.<.#.......###...#.....#
.................##.....#
..............#...###..##
..............#... .##
..#.............# ##


There were no monsters in sight!

Vanquished Creatures
  A troll (D:9)
  A sky beast (D:6)
  An ice beast (D:5)
  A gnoll sergeant (D:9)
  A bullfrog (D:9)
  A howler monkey (D:9)
  2 wights (D:9)
  A bullfrog zombie (D:5)
  A hound (D:6)
  3 bullfrog skeletons
  A howler monkey zombie (D:9)
  3 gnolls (D:9)
  A howler monkey skeleton (D:6)
  A dart slug (D:4)
  A hobgoblin (D:4)
  3 jackals (D:1)
  A kobold (D:1)
  2 quokkas (D:5)
  2 ball pythons
  2 rats (D:1)
30 creatures vanquished.

Notes
Turn   | Place    | Note
-------+----------+-------------------------------------------
     0 | D:1      | Psyclone the Octopode Conjurer began the quest for the Orb.
     0 | D:1      | Reached XP level 1. HP: 11/11 MP: 3/3
    59 | D:1      | Reached XP level 2. HP: 15/17 MP: 5/5
    88 | D:2      | Identified a scroll of acquirement
    88 | D:2      | Acquired the ring "Xiagas" {rElec rCorr MP+9 AC+4 Dex+4
                  | SInv}
   155 | D:1      | Learned a level 2 spell: Searing Ray
   196 | D:2      | Acquired the -2 hat of the Alchemist {rElec rPois rF+ rC+
                  | rN+ Will+ rMut rCorr}
   196 | D:2      | Found the -2 hat of the Alchemist {rElec rPois rF+ rC+ rN+
                  | Will+ rMut rCorr}
   221 | D:2      | Acquired the +3 Elemental Staff {rElec rF++ rC++ AC+5}
   221 | D:2      | Found the +3 Elemental Staff {rElec rF++ rC++ AC+5}
   251 | D:3      | Found a glowing golden altar of the Shining One.
   300 | D:4      | Acquired the ring "Vyohe" {rC+ Int+6 Dex+2 SInv Stlth+}
   345 | D:4      | Gained mutation: You are robust. (+10% HP) [potion of
                  | mutation]
   345 | D:4      | Gained mutation: You passively dampen the noise of your
                  | surroundings. [potion of mutation]
   345 | D:4      | Gained mutation: You are partially covered in iridescent
                  | scales. (AC +2) [potion of mutation]
   480 | D:4      | Reached skill level 5 in Conjurations
   480 | D:4      | Reached XP level 3. HP: 23/23 MP: 6/6
   530 | D:5      | Entered Level 5 of the Dungeon
   535 | D:5      | Reached XP level 4. HP: 29/29 MP: 7/7
   588 | D:5      | Found a shimmering blue altar of Sif Muna.
   601 | D:5      | Noticed an ice beast
   610 | D:5      | Killed an ice beast
   611 | D:5      | Reached skill level 6 in Conjurations
   611 | D:5      | Reached XP level 5. HP: 33/34 MP: 8/8
   690 | D:5      | Found an opulent altar of Gozag.
   697 | D:5      | Became a worshipper of Gozag Ym Sagoz the Greedy
   753 | D:5      | Found an iron altar of Okawaru.
   770 | D:5      | Noticed a centaur
   791 | D:5      | Noticed Menkaure
   846 | D:6      | Reached skill level 7 in Conjurations
   846 | D:6      | Reached XP level 6. HP: 37/39 MP: 9/9
   934 | D:6      | Noticed a sky beast
   941 | D:6      | Killed a sky beast
  1220 | D:9      | Acquired 1301 gold pieces
  1227 | D:9      | Acquired 1256 gold pieces
  1263 | D:9      | Reached skill level 8 in Conjurations
  1263 | D:9      | Reached XP level 7. HP: 41/45 MP: 7/10
  1396 | D:9      | Noticed a troll
  1404 | D:9      | Killed a troll
  1405 | D:9      | Reached skill level 9 in Conjurations
  1491 | D:9      | Noticed a yak
  1491 | D:9      | Noticed a yak
  1491 | D:9      | Noticed a yak
  1491 | D:9      | Found the +8 storm bow {elec, penet}
  1494 | D:9      | Reached XP level 8. HP: 45/50 MP: 5/11
  1496 | D:9      | Noticed a yak
  1497 | D:9      | Noticed a yak
  1511 | D:9      | Quit the game

Illustrated notes

Levels and vault maps discovered:
D:1:      wander_arrival_fairy_ring, layout_basic, chequers_serial_rivers_room_a
D:2:      layout_loops_ring, shapermc_ecumenical_altar_venn, uniq_natasha
D:3:      layout_loops_ring, mainiacjoe_overflow_chevrons,
          gammafunk_ghost_arena, hangedman_glass_teeth
D:4:      layout_basic, nicolae_hepliaklqana_monster_ancestors,
          due_unseen_surprise
D:5:      layout_basic, lemuel_doored_altar, overflow_temple_1_default,
          amethyst_overflow_temple_binary, minmay_manual_mess, uniq_ijyb,
          uniq_edmund, uniq_sigmund, uniq_menkaure
D:6:      layout_layer_cave, minmay_temple_entry_hall
D:7:      layout_basic, nicolae_wu_jian_immortal_techniques
D:8:      layout_rooms, lightli_temple_of_fire, minmay_lair_entry_grove,
          serial_shops, shop
D:9:      layout_cave_pools, grunt_decor_clamped

Skill      XL: |  1  2  3  4  5  6  7 |
---------------+----------------------+-----
Conjurations   | 5 6 7 8 9 |  9.7
Dodging        | |  2.0
Stealth        | |  2.6
Spellcasting   | |  2.0

Action                   |  1- 3 |  4- 6 |  7- 9 || total
-------------------------+-------+-------+-------++-------
Melee: Dagger            |     6 |       |       ||     6
       Tentacles         |     2 |       |       ||     2
       Constrict         |     1 |       |       ||     1
       Punch             |     1 |       |       ||     1
 Cast: Magic Dart        |     5 |     1 |     2 ||     8
       Searing Ray       |     5 |    13 |     8 ||    26
  Use: Scroll            |     4 |     2 |       ||     6
       Potion            |     1 |       |       ||     1
 Stab: Sleeping          |     1 |       |       ||     1
Armor: Skin              |     1 |     4 |     2 ||     7
Dodge: Dodged            |     5 |     9 |     4 ||    18
Block: Other             |       |     4 |       ||     4
